Map: Dusk Towers

Players

IIIIIIIIIIII

  • Race: Protoss Protoss
  • League: Master

IIIIIIIIIIII (EJK) - Winner!

  • Race: Terran Terran
  • League: Master

VOD

Have the link to the VOD?

Description

Time

  • Played on: June 20, 2016, 1:28 p.m.
  • Length: 15:01
Show
View Real Time Build Order
Export as new Build Order

IIIIIIIIIIII Protoss 

Build Orders: 1 Gate Expand 

Get SALT Encoding   

  12  0:01  Probe (Chrono Boost)  
  13  0:11  Probe (Chrono Boost)  
  14  0:17  Pylon  
  14  0:22  Probe (Chrono Boost)  
  16  0:35  Probe (Chrono Boost)  
  16  0:37  Gateway  
  16  0:46  Probe (Chrono Boost)  
  16  0:49  Assimilator  
  17  0:57  Probe (Chrono Boost)  
  18  1:07  Probe (Chrono Boost)  
  19  1:18  Probe (Chrono Boost)  
  20  1:25  Nexus  
  20  1:36  Cybernetics Core  
  20  1:37  Probe (Chrono Boost)  
  21  1:42  Assimilator  
  21  1:50  Pylon  
  21  1:51  Probe (Chrono Boost)  
  22  2:02  Probe (Chrono Boost)  
  23  2:13  Mothership Core (Chrono Boost)  
  25  2:17  Warp Gate (Chrono Boost)  
  25  2:24  Stalker  
  27  2:31  Probe (Chrono Boost)  
  28  2:37  Probe (Chrono Boost)  
  29  2:45  Robotics Facility  
  29  2:51  Stalker  
  29  2:55  Probe x2  
  33  3:02  Gateway  
  33  3:04  Gateway  
  33  3:17  Stalker  
  33  3:22  Pylon  
  33  3:23  Probe x2  
  37  3:31  Observer (Chrono Boost)  
  38  3:35  Probe x2  
  40  3:47  Probe x2  
  42  3:48  Observer  
  42  3:50  Pylon  
  43  3:59  Probe x2  
  45  4:08  Warp Prism, Stalker x3  
  51  4:11  Probe  
  51  4:13  Probe  
  55  4:22  Pylon  
  55  4:23  Probe (Chrono Boost)  
  56  4:25  Probe (Chrono Boost)  
  56  4:30  Assimilator  
  57  4:34  Assimilator, Probe (Chrono Boost)  
  58  4:41  Stalker x2  
  58  4:44  Stalker  
  64  5:09  Stalker x3  
  70  5:14  Pylon  
  70  5:20  Nexus  
  69  5:39  Twilight Council, Probe x2 (Chrono Boost)  
  69  5:41  Pylon  
  71  5:48  Probe (Chrono Boost)  
  71  5:49  Immortal (Chrono Boost), Probe (Chrono Boost)  
  77  5:53  Pylon  
  77  5:56  Pylon  
  77  5:58  Probe  
  77  6:01  Probe  
  77  6:02  Stalker x3  
  85  6:09  Probe  
  85  6:10  Blink (Chrono Boost)  
  86  6:14  Probe  
  87  6:20  Probe  
  88  6:26  Probe, Stalker x3  
  88  6:30  Probe  
  88  6:31  Pylon, Probe  
  96  6:38  Probe  
  98  6:41  Probe  
  98  6:42  Probe  
  98  6:47  Gateway x2  
  100  6:48  Gateway  
  100  6:54  Pylon, Probe x2  
  100  6:55  Probe  
  103  7:03  Assimilator  
  103  7:05  Probe x2  
  103  7:06  Assimilator  
  103  7:07  Probe  
  106  7:09  Templar Archives  
  107  7:16  Observer (Chrono Boost), Probe  
  107  7:17  Forge, Probe  
  107  7:20  Probe  
  110  7:26  Probe  
  110  7:29  Probe  
  112  7:32  Probe  
  112  7:35  Observer (Chrono Boost)  
  112  7:37  Probe  
  114  7:41  Psionic Storm, Probe  
  114  7:43  Pylon  
  114  7:44  Pylon, Probe  
  117  7:47  Probe  
  117  7:51  High Templar x2  
  122  7:53  Observer  
  122  7:55  Protoss Ground Weapons Level 1 (Chrono Boost)  
  123  8:08  Nexus  
  123  8:10  Pylon  
  123  8:13  Gateway x2  
  123  8:14  Gateway  
  123  8:17  Immortal (Chrono Boost)  
  127  8:21  Robotics Facility  
  127  8:22  Pylon  
  127  8:23  High Templar  
  129  8:31  High Templar  
  131  8:34  Stalker x2  
  131  8:35  Stalker  
  137  8:46  Forge  
  137  8:53  Immortal (Chrono Boost)  
  141  8:58  Photon Cannon  
  140  9:04  Stargate  
  140  9:08  Pylon  
  144  9:10  Immortal (Chrono Boost)  
  144  9:18  Photon Cannon  
  144  9:19  Protoss Ground Armor Level 1  
  144  9:28  Immortal (Chrono Boost)  
  144  9:30  Assimilator  
  148  9:34  Stalker x3  
  148  9:35  Assimilator, Stalker  
  148  9:36  Photon Cannon  
  152  9:38  Photon Cannon  
  152  9:45  Immortal (Chrono Boost)  
  153  9:59  Stalker  
  141  10:00  Stalker x6  
  145  10:11  Immortal (Chrono Boost)  
  145  10:13  Phoenix (Chrono Boost)  
  147  10:16  High Templar  
  147  10:17  High Templar  
  155  10:21  Nexus, Archon  
  155  10:24  Protoss Ground Weapons Level 2 (Chrono Boost)  
  155  10:30  Immortal  
  157  10:45  Immortal  
  160  11:00  Stalker x6  
  160  11:03  Zealot  
  156  11:20  Immortal  
  156  11:22  Immortal  
  150  11:26  Stalker x2  
  150  11:27  Stalker x2  
  155  11:35  Probe x2  
  155  11:36  Probe x2  
  157  11:46  Probe  
  158  11:48  Probe x2  
  158  11:50  Protoss Ground Armor Level 2 (Chrono Boost)  
  158  11:53  Stalker  
  158  11:54  Stalker x4  
  164  11:55  Stalker  
  164  11:56  Zealot x3  
  178  12:14  Immortal  
  182  12:15  Pylon  
  182  12:23  Assimilator  
  182  12:25  Photon Cannon, Assimilator  
  182  12:26  Photon Cannon  
  172  12:31  Pylon  
  172  12:32  Immortal  
  172  12:33  Stalker x3  
  175  12:47  Fleet Beacon  
  175  12:48  Probe  
  175  12:49  Probe x2  
  175  12:50  Probe  
  174  13:17  Stalker x2  
  174  13:18  Stalker x4  
  185  13:20  High Templar  
  173  13:51  Pylon  
  173  13:54  Pylon  
  169  13:55  Pylon  
  169  13:57  Pylon  
  169  13:59  Pylon  
  169  14:03  Pylon  
  114  14:21  Stalker x4  
  114  14:22  Stalker x4  
  130  14:28  Archon  
  130  14:29  Stalker  
Show
View Real Time Build Order
Export as new Build Order

IIIIIIIIIIII Terran - Winner!

Build Orders: Cyclone Opening 

Get SALT Encoding   

  12  0:00  SCV  
  13  0:13  SCV  
  14  0:17  Supply Depot  
  14  0:25  SCV  
  14  0:27  Refinery  
  15  0:39  SCV  
  16  0:44  Barracks  
  16  0:51  SCV  
  17  1:03  SCV  
  18  1:15  SCV  
  19  1:31  Marine  
  19  1:32  Orbital Command  
  20  1:33  Factory  
  20  1:58  Command Center  
  20  2:02  SCV  
  21  2:10  Supply Depot  
  21  2:14  SCV  
  22  2:18  Factory Tech Lab  
  22  2:19  Marine  
  23  2:32  SCV  
  24  2:37  Cyclone, Marine  
  24  2:44  SCV, Refinery  
  30  2:54  Supply Depot  
  30  2:55  Marine  
  31  3:10  Cyclone, SCV  
  31  3:11  Orbital Command  
  36  3:20  Mag-Field Accelerator  
  36  3:21  Marine  
  36  3:22  SCV  
  38  3:37  SCV x2  
  38  3:40  Marine  
  41  3:42  Cyclone  
  45  3:49  SCV  
  45  3:50  SCV  
  47  3:57  Command Center  
  47  4:01  SCV  
  48  4:04  SCV  
  48  4:06  Factory  
  48  4:08  Barracks Reactor  
  49  4:12  Supply Depot  
  49  4:15  SCV  
  49  4:16  SCV  
  51  4:27  Refinery  
  51  4:28  SCV x2  
  53  4:33  Cyclone, Engineering Bay  
  57  4:38  Supply Depot  
  57  4:40  SCV x2  
  59  4:52  SCV x2  
  57  5:01  Hellion x2  
  57  5:04  Bunker  
  57  5:05  Cyclone  
  57  5:06  SCV x2  
  67  5:10  Bunker  
  67  5:12  Supply Depot  
  67  5:13  Orbital Command  
  67  5:22  SCV x2  
  67  5:24  Hellion  
  67  5:25  Supply Depot  
  71  5:31  Hellion  
  73  5:38  Cyclone  
  73  5:39  SCV x2  
  73  5:40  Supply Depot  
  79  5:45  Refinery  
  79  5:51  Missile Turret  
  79  5:52  Missile Turret  
  79  5:54  Hellion  
  81  5:58  Hellion  
  81  6:01  Barracks Tech Lab  
  83  6:05  Factory  
  83  6:06  SCV  
  83  6:08  SCV, Armory  
  85  6:13  Cyclone  
  85  6:16  Infernal Pre-Igniter  
  89  6:22  Hellion  
  89  6:24  Hellion  
  93  6:27  Refinery  
  93  6:34  Supply Depot  
  93  6:43  Hellion  
  93  6:46  Cyclone, Hellion  
  93  6:47  Starport  
  101  6:49  Supply Depot  
  101  6:55  Barracks Reactor  
  101  6:57  Cyclone  
  101  6:59  Orbital Command  
  101  7:00  Terran Vehicle Weapons Level 1  
  105  7:01  SCV, Supply Depot  
  105  7:02  SCV  
  107  7:16  Hellion x2  
  107  7:18  Cyclone  
  107  7:19  SCV x2  
  107  7:22  Supply Depot  
  117  7:25  Missile Turret  
  117  7:27  SCV  
  117  7:28  Refinery  
  117  7:29  Cyclone  
  122  7:31  SCV  
  122  7:32  Refinery  
  122  7:33  Supply Depot  
  122  7:35  Supply Depot  
  121  7:39  Hellion x2, SCV  
  121  7:40  SCV  
  127  7:47  SCV  
  127  7:50  Starport Tech Lab, Fusion Core  
  128  7:52  SCV x2  
  128  7:58  Cyclone  
  134  7:59  SCV, Liberator  
  134  8:02  Cyclone  
  134  8:03  Hellion  
  134  8:04  Hellion  
  134  8:05  SCV  
  144  8:07  SCV  
  148  8:20  SCV  
  148  8:26  Hellion  
  153  8:28  Hellion  
  153  8:30  Cyclone  
  157  8:37  Advanced Ballistics  
  157  8:38  Factory  
  157  8:40  Factory  
  157  8:45  Command Center  
  157  8:50  Missile Turret, Liberator  
  157  8:54  Missile Turret, Terran Vehicle And Ship Armor Level 1  
  157  9:06  Supply Depot  
  157  9:07  Cyclone, SCV, Supply Depot  
  165  9:11  Supply Depot  
  165  9:25  Factory Tech Lab  
  165  9:28  Cyclone, Hellion x2  
  165  9:29  Hellion x2  
  165  9:31  Supply Depot  
  176  9:37  Liberator  
  176  9:39  Cyclone  
  154  10:00  Cyclone  
  154  10:05  Cyclone  
  154  10:06  Hellion x4  
  164  10:14  Command Center  
  164  10:17  Barracks Reactor  
  164  10:19  Cyclone, Liberator  
  168  10:23  Starport  
  168  10:26  Missile Turret  
  168  10:27  Hellion x3  
  174  10:32  Cyclone  
  181  10:51  Cyclone  
  181  10:53  Refinery, Terran Vehicle And Ship Armor Level 2  
  181  10:55  Missile Turret  
  181  10:56  Sensor Tower, Refinery, Hellion x2  
  181  10:57  Hellion x2  
  182  11:16  Cyclone x2  
  182  11:18  Hellion x3  
  188  11:22  Liberator x2  
  188  11:23  Cyclone  
  184  11:32  Planetary Fortress  
  184  11:39  Medivac  
  189  11:42  Orbital Command  
  189  11:46  SCV x3  
  190  11:58  SCV  
  190  12:00  High Capacity Fuel Tanks  
  191  12:02  Hellion x3  
  191  12:03  Hellion  
  197  12:09  Medivac  
  197  12:15  Armory  
  199  12:25  Command Center  
  195  12:42  Cyclone  
  199  12:59  Liberator  
  199  13:03  Hellion x14  
  199  13:10  Ghost Academy  
  199  13:12  Barracks  
  195  13:13  Barracks  
  195  13:16  Barracks Tech Lab  
  198  13:35  Liberator  
  197  13:57  Liberator  
  165  14:14  Banshee  
  149  14:17  Cyclone x3  
  149  14:18  Hellion x4  
  158  14:29  Barracks Tech Lab x2, Ghost  
  163  14:39  Command Center  
Tags
 
Add a new tag
Caveats
  • Supply blocks, unpowered buildings, or Contaminate may cause inaccurate times.
  • Supply counts are checked every 10 seconds.